 Dungeon Crawl Stone Soup version 0.20.0-10-g0535bb4 (webtiles) character file.

18178 Gorglomux the Timeless (level 12, -3/133 HPs)
             Began as an Ogre Transmuter on June 4, 2017.
             Was a High Priest of Cheibriados.
             Slain by a polar bear (11 damage)
             ... in an ice cave.
             The game lasted 00:25:51 (16905 turns).

Gorglomux the Timeless (Ogre Transmuter)           Turns: 16905, Time: 00:25:51

Health: -3/133     AC:  7    Str: 30    XL:     12   Next: 55%
Magic:  21/22      EV: 10    Int: 31    God:    Cheibriados [*****.]
Gold:   584        SH:  0    Dex: 22    Spells: 6/25 levels left

rFire    x . .     SeeInvis .     - Unarmed
rCold    + + +     Gourm    .   (shield currently unavailable)
rNeg     . . .     Faith    .   (armour currently unavailable)
rPois    +         Spirit   .   (helmet currently unavailable)
rElec    .         Reflect  .   (cloak currently unavailable)
rCorr    .         Harm     .   (gloves unavailable)
MR       +....                  (boots unavailable)
Stlth    ++........             (no amulet)
Regen    0.4/turn               o - ring of poison resistance
MPRegen  0.2/turn               c - ring of protection from cold

@: ice-form, very slow
A: unfitting armour
a: End Transformation, Bend Time, Temporal Distortion, Slouch, Step From Time,
Renounce Religion


You were in an ice cave.
You worshipped Cheibriados.
Cheibriados was extremely pleased with you.
You were not hungry.
You were a creature of crystalline ice.
You visited 3 branches of the dungeon, and saw 14 of its levels.
You also visited: Ice Cave.

You collected 748 gold pieces.
You spent 164 gold pieces at shops.

Inventory:

Missiles
 a - 135 arrows
 Z - 2 throwing nets (quivered)
Armour
 b - a +1 robe
 G - a +3 troll leather armour (melded)
Jewellery
 c - a ring of protection from cold (right front paw)
 l - an uncursed ring of flight
 o - a ring of poison resistance (left front paw)
Wands
 A - a wand of acid (5/15)
 I - a wand of iceblast (8/15)
 L - a wand of lightning (4/15)
 S - a wand of acid (12/15)
Scrolls
 C - a scroll of silence
 D - a scroll of amnesia
 F - 2 scrolls of recharging
 M - 6 scrolls of magic mapping
 O - a scroll of fear
 P - 6 scrolls of fog
 R - a scroll of identify
 T - 4 scrolls of teleportation
 W - 4 scrolls of enchant weapon
Potions
 p - a potion of lignification
 x - 3 potions of magic
 y - 3 potions of agility
 B - a potion of berserk rage
 E - a potion of flight
 H - 2 potions of ambrosia
 N - 4 potions of brilliance
 Q - a potion of curing
 V - 2 potions of heal wounds {unknown}
 Y - 3 potions of mutation
Books
 K - a book of Changes

   Spells                             Type                      Level
   a - Beastly Appendage              Transmutation                1
   b - Sticks to Snakes               Transmutation                2
   c - Spider Form                    Transmutation/Poison         3
   d - Ice Form                       Ice/Transmutation            4
   e - Blade Hands                    Transmutation                5
 U - a book of Callings

   Spells                             Type                      Level
   a - Summon Small Mammal            Summoning                    1
   b - Call Imp                       Summoning                    2
   c - Call Canine Familiar           Summoning                    3
   d - Summon Guardian Golem          Hexes/Summoning              3
   e - Summon Lightning Spire         Summoning/Air                4
   f - Summon Ice Beast               Ice/Summoning                4
 X - a book of Cantrips

   Spells                             Type                      Level
   a - Confusing Touch                Hexes                        1
   b - Animate Skeleton               Necromancy                   1
   c - Summon Small Mammal            Summoning                    1
   d - Apportation                    Translocation                1
Comestibles
 d - 14 bread rations
 f - 24 fruits
 w - 12 chunks of flesh
 z - 8 meat rations
 J - 4 royal jellies


   Skills:
 - Level 5.0 Fighting
 - Level 2.3 Armour
 - Level 1.7 Dodging
 - Level 11.2 Unarmed Combat
 - Level 7.2 Spellcasting
 - Level 9.4 Transmutations
 + Level 11.4 Invocations


You had 6 spell levels left.
You knew the following spells:

 Your Spells              Type           Power        Failure   Level  Hunger
a - Blade Hands           Tmut           ######....   2%          5    ####...
b - Sticks to Snakes      Tmut           ######..     1%          2    None
c - Spider Form           Tmut/Pois      #####.....   1%          3    None
d - Ice Form              Ice/Tmut       #####...     6%          4    ##.....
l - Summon Lightning Spi  Summ/Air       ##......     41%         4    ##.....
o - Apportation           Tloc           ##....       4%          1    None


Dungeon Overview and Level Annotations

Branches:
Dungeon (11/15)            Temple (1/1) D:6            Lair (2/6) D:10
 Spider (0/4) Lair:2          Orc (0/2) D:9
  Swamp: Lair:2-4    Shoals: Lair:2-4

Altars:
Ashenzari
Cheibriados
Dithmenos
Elyvilon
Fedhas
Gozag
Hepliaklqana
Kikubaaqudgha
Makhleb
Nemelex Xobeh
Okawaru
Qazlal
Ru
Sif Muna
Trog
Uskayaw
Vehumet
Xom
Yredelemnul
Zin
The Shining One
Beogh

Shops:
D:4 ?   D:5 (   D:8 *   D:11 (*


Innate Abilities, Weirdness & Mutations

You are too large for most types of armour.
((You have tough skin. (AC +1)))


Message History

The yak gores you. The polar bear bites you!!
The polar bear claws you but does no damage.
The polar bear barely misses you.
You barely miss the polar bear. You punch the polar bear!
You freeze the polar bear.
The polar bear is moderately wounded.
The yak gores you!
* * * LOW HITPOINT WARNING * * *
The polar bear bites you!!
* * * LOW HITPOINT WARNING * * *
The polar bear misses you. The polar bear barely misses you.
You are too injured to fight recklessly!
You are too injured to fight recklessly!
You are too injured to fight recklessly!
You are too injured to fight recklessly!
You are too injured to fight recklessly!
You are too injured to fight recklessly!
You fail to use your ability.
The yak gores you but does no damage. The polar bear bites you!
You die...

## #### ## #≈# #..##
# .. #≈≈ ##..##### #
#.##≈# ###...##.
#...#hY##
#####÷..##..#
#.Y†.###.##÷.#######
#####......#..# #
########### #


You could see a polar bear and a yak.

Vanquished Creatures
  A hydra (Lair:1)
  Harold (Lair:1)
  A two-headed ogre (D:11)
  Pikel (D:4)
  An ugly thing (D:11)
  A black mamba (Lair:2)
  Maurice (D:8)
  A spiny frog (Lair:1)
  3 komodo dragons
  2 ice devils (Lair:2)
  2 trolls
  5 polar bears (IceCv)
  Grinder (D:6)
  Prince Ribbit (D:5)
  5 hippogriffs
  A vampire (D:11)
  11 yaks
  4 hogs (D:8)
  A human (D:8)
  A basilisk (Lair:1)
  A hungry ghost (D:8)
  2 porcupines
  8 water moccasins
  4 orc warriors
  4 ice beasts
  9 wolves
  2 phantoms (D:8)
  An eye of draining (D:8)
  4 sky beasts
  3 ogres
  2 centaurs
  2 big kobolds
  9 bullfrogs
  6 scorpions
  A wyvern skeleton (D:8)
  15 killer bees
  A water moccasin skeleton (D:4)
  5 wights (D:10)
  4 jellies
  An electric eel (Lair:2)
  4 bullfrog zombies
  6 crimson imps
  4 orc priests
  2 bullfrog skeletons
  2 hounds (D:10)
  6 orc wizards
  3 centaur skeletons
  An iguana (D:11)
  7 worker ants
  A hound zombie (D:8)
  7 gnolls
  7 adders
  2 shadow imps
  An adder zombie (D:5)
  5 oozes
  2 dart slugs
  6 leopard geckos
  34 orcs
  A ball python (D:2)
  7 giant cockroaches
  7 goblins
  7 hobgoblins
  17 jackals
  17 kobolds
  2 quokkas
  8 bats
  6 frilled lizards
  A quokka skeleton (D:5)
  6 rats
  A fungus (Lair:2)
  A plant (D:10)
310 creatures vanquished.

Vanquished Creatures (collateral kills)
  A two-headed ogre (D:8)
  A cyclops (D:11)
  2 gnolls (D:3)
  A worm (D:2)
  2 orcs
  2 jackals (D:2)
  A rat (D:1)
10 creatures vanquished.

Vanquished Creatures (others)
  A slave (D:4)
  A howler monkey (D:4)
  An iguana (D:11)
  An adder (D:4)
  2 orcs (D:8)
  A giant cockroach (D:4)
  3 kobolds
  2 fungi
  4 plants (D:10)
16 creatures vanquished.

Grand Total: 336 creatures vanquished

Notes
Turn   | Place    | Note
-------+----------+-------------------------------------------
     0 | D:1      | Gorglomux the Ogre Transmuter began the quest for the Orb.
     0 | D:1      | Reached XP level 1. HP: 19/19 MP: 3/3
    91 | D:1      | Reached XP level 2. HP: 7/28 MP: 1/5
   107 | D:1      | Learned a level 2 spell: Sticks to Snakes
   489 | D:1      | You fall through a shaft!
   513 | D:2      | Reached skill level 3 in Unarmed Combat
   656 | D:2      | Reached XP level 3. HP: 21/36 MP: 4/6
   662 | D:2      | Reached skill level 3 in Fighting
   764 | D:2      | Learned a level 3 spell: Spider Form
  1454 | D:2      | Reached XP level 4. HP: 40/48 MP: 5/7
  2304 | D:3      | Reached XP level 5. HP: 11/55 MP: 4/8
  3484 | D:3      | Found a glowing golden altar of the Shining One.
  4394 | D:4      | Found Imaob's Magic Scroll Shoppe.
  4397 | D:4      | Bought a scroll of fog for 22 gold pieces
  4397 | D:4      | Bought a scroll of enchant weapon for 82 gold pieces
  4487 | D:4      | Reached XP level 6. HP: 37/66 MP: 6/10
  4715 | D:4      | Reached skill level 3 in Spellcasting
  4751 | D:4      | Noticed a slave
  4752 | D:4      | Noticed a slave
  4754 | D:4      | Noticed Pikel
  4756 | D:4      | Noticed a slave
  4778 | D:4      | Noticed a slave
  4780 | D:4      | Killed Pikel
  4780 | D:4      | Reached skill level 3 in Transmutations
  4780 | D:4      | Reached XP level 7. HP: 14/72 MP: 6/14
  5175 | D:4      | Got an ancient shield
  5182 | D:4      | Identified the cursed -2 shield of the Suburbs {rF+ rN+ Dex+2 Stlth-} (You found it on level 4 of the Dungeon)
  5387 | D:5      | Entered Level 5 of the Dungeon
  5387 | D:5      | Noticed Prince Ribbit
  6063 | D:5      | Reached XP level 8. HP: 67/80 MP: 15/15
  6418 | D:5      | Found Ekhlaj's Antique Weapon Shoppe.
  6576 | D:5      | Killed Prince Ribbit
  6576 | D:5      | Reached skill level 6 in Unarmed Combat
  7346 | D:6      | Reached skill level 6 in Spellcasting
  7623 | D:6      | Noticed Grinder
  7625 | D:6      | Paralysed by Grinder for 6 turns
  7651 | D:6      | Killed Grinder
  7651 | D:6      | Reached XP level 9. HP: 35/88 MP: 12/19
  8025 | D:6      | Found a staircase to the Ecumenical Temple.
  8031 | Temple   | Entered the Ecumenical Temple
  8182 | Temple   | Became a worshipper of Cheibriados the Contemplative
  8249 | D:6      | Reached skill level 6 in Transmutations
  8254 | D:6      | HP: 4/88 [poisoned by a killer bee]
  8261 | D:6      | HP: 4/88 [poisoned by a killer bee]
  8269 | D:6      | HP: 4/88 [poisoned by a killer bee]
  8637 | D:6      | Learned a level 5 spell: Blade Hands
  8676 | D:7      | Reached * piety under Cheibriados
  9134 | D:7      | Learned a level 4 spell: Ice Form
  9164 | D:8      | Noticed a two-headed ogre
  9173 | D:8      | Killed a two-headed ogre
  9176 | D:8      | Reached ** piety under Cheibriados
  9628 | D:8      | Reached XP level 10. HP: 86/96 MP: 16/20
  9993 | D:8      | Found Jirucora's Demolitions Depot.
 10048 | D:8      | Reached skill level 9 in Unarmed Combat
 10454 | D:8      | Reached *** piety under Cheibriados
 10731 | D:8      | Noticed Maurice
 10748 | D:8      | Killed Maurice
 10985 | D:8      | Reached skill level 9 in Transmutations
 12137 | D:9      | Found a staircase to the Orcish Mines.
 12150 | D:9      | Reached **** piety under Cheibriados
 12201 | D:9      | Found a roughly hewn altar of Beogh.
 12508 | D:8      | Reached XP level 11. HP: 102/102 MP: 17/21
 12701 | D:10     | Entered Level 10 of the Dungeon
 12870 | D:10     | Reached skill level 1 in Armour
 13086 | D:10     | Found a staircase to the Lair.
 13648 | D:10     | Reached skill level 1 in Invocations
 13779 | D:11     | Reached ***** piety under Cheibriados
 14119 | D:11     | Found Dijeahot's Antique Weapon Boutique.
 14119 | D:11     | Noticed a two-headed ogre
 14131 | D:11     | Killed a two-headed ogre
 14131 | D:11     | Reached skill level 3 in Invocations
 14215 | D:11     | Noticed a cyclops
 14227 | D:11     | Killed a cyclops
 14331 | D:11     | Found a shadowy altar of Dithmenos.
 14424 | D:11     | Noticed a brown ugly thing
 14440 | D:11     | Killed a brown ugly thing
 14655 | D:11     | Found Xatuenn's General Store.
 14668 | D:11     | Bought a scroll of magic mapping for 38 gold pieces
 14668 | D:11     | Bought a scroll of identify for 22 gold pieces
 14692 | D:10     | Learned a level 4 spell: Summon Lightning Spire
 14694 | D:10     | Learned a level 1 spell: Apportation
 14739 | Lair:1   | Entered Level 1 of the Lair of Beasts
 14761 | Lair:1   | Noticed Harold
 14773 | Lair:1   | Killed Harold
 15206 | Lair:1   | Reached skill level 6 in Invocations
 15606 | Lair:1   | Noticed a seven-headed hydra
 15713 | Lair:1   | Killed a seven-headed hydra
 15713 | Lair:1   | Reached XP level 12. HP: 111/111 MP: 18/22
 15929 | Lair:1   | Reached skill level 9 in Invocations
 16208 | Lair:2   | Found a hole to the Spider Nest.
 16298 | Lair:2   | Found a frozen archway.
 16509 | IceCv    | Entered an ice cave
 16905 | IceCv    | Slain by a polar bear

Skill      XL: |  1  2  3  4  5  6  7  8  9 10 11 12 |
---------------+-------------------------------------+-----
Fighting       | 2 3 4 5 |  5.0
Unarmed Combat | 3 4 5 6 8 10 11 | 11.2
Transmutations | 2 3 5 7 9 |  9.4
Spellcasting   | 4 6 7 |  7.2
Armour         | 2 |  2.3
Invocations    | 8 11 | 11.4
Dodging        | |  1.7

Action                   |  1- 3 |  4- 6 |  7- 9 | 10-12 || total
-------------------------+-------+-------+-------+-------++-------
Melee: Unarmed           |   143 |   268 |   337 |   512 ||  1260
       Kick              |    11 |     1 |       |       ||    12
       Punch             |     2 |       |       |     6 ||     8
       Headbutt          |     2 |     2 |       |       ||     4
 Cast: Beastly Appendage |    16 |     4 |       |       ||    20
       Sticks to Snakes  |     2 |     4 |     7 |     5 ||    18
       Spider Form       |       |     5 |    23 |    31 ||    59
       Blade Hands       |       |       |     1 |     6 ||     7
       Ice Form          |       |       |       |    27 ||    27
Invok: Temporal Distorti |       |       |       |     1 ||     1
 Abil: End Transformatio |       |       |     1 |     4 ||     5
  Use: Scroll            |     1 |     4 |    10 |    10 ||    25
       Potion            |       |     5 |     4 |       ||     9
 Stab: Sleeping          |       |     1 |     1 |       ||     2
       Invisible         |       |       |     3 |       ||     3
       Distracted        |       |       |       |     2 ||     2
  Eat: Chunk             |     2 |    11 |    10 |    16 ||    39
       Royal jelly       |       |       |     3 |     1 ||     4
Armor: Robe              |    56 |    47 |    62 |     9 ||   174
       Skin              |       |     2 |     8 |    50 ||    60
       Troll leather arm |       |       |       |    22 ||    22
Dodge: Dodged            |   101 |   136 |   230 |   293 ||   760
Block: Shield            |       |       |    31 |       ||    31
